 Dungeon Crawl Stone Soup version 0.32-a0-330-g213d367 (webtiles) character file.

Game seed: 2223112384952398369

3409 ttads the Cleaver (level 9, -24/74 HPs)
             Began as a Minotaur Fighter on Feb 16, 2024.
             Was a Believer of Okawaru.
             Annihilated by an orc warlord
             ... wielding a +8 broad axe
              (27 damage)
             ... in a bailey.
             The game lasted 00:11:17 (5875 turns).

ttads the Cleaver (Minotaur Fighter)                Turns: 5875, Time: 00:11:18

Health: -24/74     AC: 14    Str: 30    XL:     9   Next: 75%
Magic:  11/11      EV:  9    Int:  5    God:    Okawaru [**....]
Gold:   273        SH:  5    Dex: 10    Spells: 8/8 levels left

rFire   . . .        F - +0 broad axe
rCold   + . .        c - +0 buckler
rNeg    . . .        D - +3 chain mail of Analysis {Str+5}
rPois   .            (helmet restricted)
rElec   .            G - +0 cloak
rCorr   .            (no gloves)
SInv    .            (no boots)
Will    .....        w - amulet of regeneration Stlth
                     e - ring of protection from cold
HPRegen 1.12/turn    i - ring of flight
MPRegen 0.12/turn

%: no passive effects
@: mighty, flying
A: horns 2, retaliatory headbutt
a: Renounce Religion, Heroism


You were in a bailey.
You worshipped Okawaru.
Okawaru was pleased with you.
You visited 2 branches of the dungeon, and saw 8 of its levels.
You also visited: Sewer and Bailey.

You collected 273 gold pieces.

Inventory:

Hand Weapons
 F - a +0 broad axe (weapon)
Missiles
 M - 14 boomerangs (quivered)
Armour
 c - a +0 buckler (worn)
 D - the +3 chain mail of Analysis (worn) {Str+5}
   (You found it on level 5 of the Dungeon)

   Str+5:     It affects your strength (+5).
 G - a +0 cloak (worn)
Jewellery
 e - a ring of protection from cold (left hand)
 i - a ring of flight (right hand)
 q - a ring of positive energy
 u - a ring of magical power
 w - an amulet of regeneration (around neck)
Talismans
 A - a serpent talisman
Wands
 a - a wand of iceblast (22)
 o - a wand of digging (6)
 s - a wand of paralysis (15)
Scrolls
 b - 2 scrolls of fear {unknown}
 f - 14 scrolls of identify {unknown}
 j - 2 scrolls of enchant weapon {unknown}
 m - 2 scrolls of enchant armour {unknown}
 n - 3 scrolls of fog {unknown}
 p - 2 scrolls of immolation {unknown}
 t - 3 scrolls of teleportation {unknown}
 y - a scroll of poison {unknown}
 C - a scroll of brand weapon {unknown}
 H - a scroll of acquirement
 J - a scroll of summoning {unknown}
 L - a scroll of blinking {unknown}
Potions
 d - 2 potions of might
 g - a potion of degeneration {unknown}
 h - 6 potions of heal wounds {unknown}
 k - a potion of ambrosia {unknown}
 l - a potion of berserk rage {unknown}
 r - 3 potions of enlightenment {unknown}
 v - 5 potions of mutation {unknown}
 x - 3 potions of resistance {unknown}
 z - a potion of experience {unknown}
 B - 2 potions of haste {unknown}
 E - a potion of cancellation {unknown}
 I - a potion of brilliance {unknown}
 K - a potion of magic {unknown}


   Skills:
 + Level 5.3 Fighting
 + Level 12.5 Axes
 + Level 5.3 Armour
 + Level 8.2 Shields
 - Level 5.0 Invocations


You had 8 spell levels left.
You didn't know any spells.
Your spell library contained the following spells:

 Spells                   Type           Power      Damage    Failure   Level
 Sublimation of Blood     Necr           0%         N/A       98%         2
 Petrify                  Alch/Erth      0%         N/A       100%        4
 Irradiate                Conj/Alch      0%         3d11      100%        5
 Ozocubu's Refrigeration  Ice            0%         4d7       100%        7
 Polar Vortex             Ice            0%         N/A       100%        9
 Sculpt Simulacrum        Ice/Alch       Unusable   N/A       N/A         6

Dungeon Overview and Level Annotations

Branches:
Dungeon (7/15)             Temple (1/1) D:6           Sewer (visited)
 Bailey (1/1)

Altars:
Ashenzari
Dithmenos
Elyvilon
Fedhas
Gozag
Hepliaklqana
Makhleb
Okawaru
Qazlal
Ru
Sif Muna
Trog
Uskayaw
Vehumet
Wu Jian
Xom
Zin
The Shining One

Shops:
D:6 =


Innate Abilities, Weirdness & Mutations

You have a pair of horns on your head.
You reflexively headbutt those who attack you in melee.


Message History

You see here a kobold skeleton.
Things that are here:
a +0 hand axe; a +0 leather armour Could not explore, unopened runed door.
Okay, then.
Unknown command.
You feel very mighty all of a sudden.
You reach down and open the gate.
You slash the orc warlord!
The orc warlord is lightly wounded.
The orc warlord hits you with a +8 broad axe!!
You slash the orc warlord! You headbutt the orc warlord!
The orc warlord is moderately wounded.
The orc warlord closely misses you. You furiously retaliate!
You headbutt the orc warlord! You slash the orc warlord!
The orc warlord is heavily wounded.
The orc warlord barely misses you.
You slice the orc warlord!! You headbutt the orc warlord.
The orc warlord is severely wounded.
The orc warlord hits you with a +8 broad axe!!
You barely miss the orc warlord. Your headbutt misses the orc warlord.
The orc warlord is severely wounded.
The orc warlord hits you with a +8 broad axe.
You hit the orc warlord. You headbutt the orc warlord!
The orc warlord is almost dead.
The orc warlord hits you with a +8 broad axe!
* * * LOW HITPOINT WARNING * * *
You hit the orc warlord but do no damage.
The orc warlord is almost dead.
The orc warlord hits you with a +8 broad axe.
* * * LOW HITPOINT WARNING * * *
You barely miss the orc warlord. You headbutt the orc warlord.
The orc warlord is almost dead.
The orc warlord hits you with a +8 broad axe!
* * * LOW HITPOINT WARNING * * *
You closely miss the orc warlord.
The orc warlord is almost dead.
The orc warlord hits you with a +8 broad axe!!
You die...

##### ##### ##...## ##...##
##.....## ##.....##
##.......#######.......##
##..ß..ß...........ß..ß..##
#..........÷..............#
#.......)÷.).@............#
#...ß......#'o'#......ß...#
##......####~~~####......##
♣##..)))#~~~~~~~~~#.....##♣
♣.##....#~.ß...ß.~#....##.♣
♣♣..###'###.......###'###..♣♣
♣...~~))#~~.ß...ß.~~#.~~~...♣
♣♣...~~~.#~.........~#.~~~...♣♣
♣∩...~)~.#~....∩....~#.~~~...∩♣


You could see an orc warlord.

Vanquished Creatures
  The ghost of Decysan the Changeling, a novice DsSh (D:6)
  2 wyverns (D:7)
  5 orc warriors
  2 black bears
  A centaur (D:5)
  An ogre (D:6)
  A phantom (D:5)
  6 kobold brigands
  Blork the orc (D:5)
  2 bullfrogs
  2 scorpions (D:5)
  4 wights (D:6)
  6 hounds
  3 bombardier beetles
  2 jellies
  An orc priest (D:6)
  3 sleepcaps
  4 iguanas
  An orc wizard (D:3)
  8 adders
  A gnoll (D:1)
  A white imp (D:6)
  A ribbon worm (D:5)
  A dart slug (D:4)
  13 orcs
  15 endoplasms
  3 giant cockroaches
  11 goblins
  5 hobgoblins
  11 jackals
  10 ball pythons
  9 bats
  7 frilled lizards
  37 kobolds
  6 rats
187 creatures vanquished.

Notes
Turn   | Place    | Note
-------+----------+-------------------------------------------
     0 | D:1      | ttads the Minotaur Fighter began the quest for the Orb.
     0 | D:1      | Reached XP level 1. HP: 19/19 MP: 0/0
   120 | D:1      | Reached skill level 3 in Axes
   124 | D:1      | Reached XP level 2. HP: 25/26 MP: 1/1
   146 | D:1      | Reached skill level 4 in Axes
   153 | D:1      | Reached XP level 3. HP: 21/31 MP: 2/2
   504 | D:1      | Reached skill level 5 in Axes
   883 | D:2      | Reached XP level 4. HP: 39/39 MP: 3/3
  1057 | D:2      | Reached skill level 6 in Axes
  1382 | D:2      | Found a faded altar of an unknown god.
  1601 | D:3      | Reached XP level 5. HP: 45/45 MP: 4/4
  1682 | D:3      | Reached skill level 7 in Axes
  2507 | D:4      | Reached XP level 6. HP: 50/51 MP: 5/5
  2574 | D:4      | Found a glowing drain.
  2591 | Sewer    | Entered a sewer
  2677 | Sewer    | Reached skill level 8 in Axes
  2936 | Sewer    | Reached skill level 9 in Axes
  3167 | D:4      | Found an ornate altar of the Wu Jian Council.
  3316 | D:4      | Reached XP level 7. HP: 58/58 MP: 6/6
  3574 | D:5      | Entered Level 5 of the Dungeon
  3756 | D:5      | Noticed Blork the orc
  3759 | D:5      | Reached skill level 5 in Fighting
  3759 | D:5      | Reached skill level 5 in Armour
  3759 | D:5      | Reached skill level 5 in Shields
  3765 | D:5      | Killed Blork the orc
  3766 | D:5      | Reached XP level 8. HP: 54/68 MP: 7/7
  3810 | D:5      | Identified the +3 chain mail of Analysis {Str+5}
  4038 | D:5      | Reached skill level 10 in Axes
  4126 | D:6      | Found a large runed translucent door.
  4126 | D:6      | Found a large runed translucent door.
  4131 | D:6      | Noticed Decysan's ghost (novice DsSh)
  4442 | D:6      | Found a staircase to the Ecumenical Temple.
  4454 | Temple   | Entered the Ecumenical Temple
  4508 | Temple   | Became a worshipper of Warmaster Okawaru
  4580 | D:6      | Reached skill level 11 in Axes
  4585 | D:6      | Reached skill level 1 in Invocations
  4746 | D:6      | Reached XP level 9. HP: 69/74 MP: 9/9
  4832 | D:6      | Found Torghi Ceczu's Jewellery Boutique.
  5186 | D:6      | Killed Decysan's ghost
  5186 | D:6      | Reached * piety under Okawaru
  5416 | D:7      | Reached skill level 12 in Axes
  5546 | D:7      | Found a flagged portal.
  5557 | Bailey   | Entered a bailey
  5562 | Bailey   | Noticed an orc warlord
  5602 | Bailey   | Reached skill level 5 in Invocations
  5617 | Bailey   | Reached ** piety under Okawaru
  5624 | Bailey   | Found a runed translucent gate.
  5624 | Bailey   | Found a runed translucent gate.
  5624 | Bailey   | Found a runed translucent gate.
  5874 | Bailey   | HP: 2/74 [orc warlord/+8 broad axe (9)]
  5875 | Bailey   | Annihilated by an orc warlord

Illustrated notes

Levels and vault maps discovered:
D:1:      dpeg_arrival_another_circle, layout_basic
D:2:      layout_loops_ring, ebering_ecumenical_altar_hall
D:3:      layout_loops_corners
D:4:      layout_cave_pods, old_standard_altar, portal_sewer_entry_a
D:5:      layout_rooms, serial_library_hellmonk_reading_circle,
          minmay_misc_feat_hallway, uniq_blork_the_orc
D:6:      layout_basic, minmay_temple_entry_sparse_star, serial_shops, shop,
          ebering_ghost_disaster_area, grunt_decor_junction, solitary_fountain,
          skrybe_limestone_x
D:7:      layout_layer_cave, enter_bailey_6
Temple:   minmay_crystal_spiral_temple
Bailey:   bailey_axe_bossmonster_kennysheep, bailey

Skill      XL: |  1  2  3  4  5  6  7  8  9 |
---------------+----------------------------+-----
Axes           | 3 4 5 6 7 9 11 12 | 12.5
Fighting       | 5 |  5.3
Armour         | 5 |  5.3
Shields        | 5 7 8 |  8.2
Invocations    | 1 5 |  5.0

Action                     |  1- 3 |  4- 6 |  7- 9 || total
---------------------------+-------+-------+-------++-------
  Melee: War axe           |    55 |   175 |    89 ||   319
         Headbutt          |     5 |    25 |    37 ||    67
         Broad axe         |       |       |   135 ||   135
    Use: Potion            |       |       |     1 ||     1
 Armour: Scale mail        |    49 |   108 |    56 ||   213
         Chain mail        |       |       |   124 ||   124
  Dodge: Dodged            |    42 |    58 |    80 ||   180
  Block: Buckler           |    19 |    35 |    54 ||   108

Table legend: (Time is in decaauts)
 A = Elapsed time spent in this place.
 B = Non-inter-level travel time spent in this place.
 C = Inter-level travel time spent in this place.
 D = Time resting spent in this place.
 E = Time spent auto-exploring this place.
 F = Levels seen in this place.
 G = Mean time per level.
                   A        B        C        D        E       F      G
               +--------+--------+--------+--------+--------+-----+--------+
         Total |   5929 |   5654 |    275 |    186 |   4106 |  10 |  592.9 |
       Dungeon |   5132 |   4963 |    169 |     62 |   3735 |   7 |  733.1 |
        Temple |    108 |      2 |    106 |      0 |      0 |   1 |  108.0 |
         Sewer |    370 |    370 |      0 |    124 |    154 |   1 |  370.0 |
        Bailey |    318 |    318 |      0 |      0 |    217 |   1 |  318.0 |
               +--------+--------+--------+--------+--------+-----+--------+

Top non-repeatable levels by time:
     D:6: 1013 daAuts
     D:1: 893 daAuts
     D:3: 882 daAuts
     D:4: 765 daAuts
     D:2: 709 daAuts
     D:5: 529 daAuts
   Sewer: 370 daAuts
     D:7: 338 daAuts
  Bailey: 318 daAuts
  Temple: 108 daAuts
